Match 46088894
Unlisted

Match 46088894
End
Construct Section Command Post
Selects Canadian Shock Battlegroup
Dingo Light Scout Car
Infantry Section
Selects Attacking Spirit
Selects Canadian Shock Section
Canadian Shock Section
Royal Engineer Section
Construct Platoon Command Post
Canadian Shock Section
CMP 15cwt Truck
Selects Incendiary Munitions
Humber Armored Car
Unlock M3 Stuart Light Tanks
Fritzie, Der Waschbär
kills
.45 Parabellum i0N
Dabby
chmod 777
Righty
rundashroll
Mr. Perfect
0
0

Comments sign in to comment!

No comments posted yet!